 Dungeon Crawl Stone Soup version 0.31-a0-152-g6aa68a64a1 (webtiles) character file.

Game seed: 4146772528614609276

443 Irreverend the Chiller (level 7, -4/52 HPs)
             Began as a Merfolk Ice Elementalist on June 9, 2023.
             Slain by an ice beast (12 damage)
             ... on level 4 of the Dungeon.
             The game lasted 00:07:55 (4067 turns).

Irreverend the Chiller (Merfolk Ice Elementalist)   Turns: 4067, Time: 00:07:55

Health: -4/52      AC:  8    Str:  8    XL:     7   Next: 2%
Magic:  3/12       EV: 14    Int: 16    God:
Gold:   167        SH:  5    Dex: 15    Spells: 6/13 levels left

rFire   . . .        i - +0 dagger
rCold   . . .        (no shield)
rNeg    . . .        a - +0 robe
rPois   .            (no helmet)
rElec   .            (no cloak)
rCorr   .            (no gloves)
SInv    .            (no boots)
Will    .....        g - amulet of reflection
Stlth   ++           c - ring of flight
HPRegen 0.28/turn    (no ring)
MPRegen 0.13/turn

%: reflection
@: ice-armoured, flying
A: (nimble swimmer 2), mertail
a: no special abilities


You were on level 4 of the Dungeon.
You visited 1 branch of the dungeon, and saw 4 of its levels.

You collected 167 gold pieces.

Inventory:

Hand Weapons
 d - a +0 short sword
 i - a +0 dagger (weapon)
Armour
 a - a +0 robe (worn)
Jewellery
 c - a ring of flight (left hand)
 g - an amulet of reflection (around neck)
Wands
 t - a wand of iceblast (10)
Scrolls
 e - a scroll of amnesia {unknown}
 j - 3 scrolls of teleportation {unknown}
 k - a scroll of identify {unknown}
 l - a scroll of blinking {unknown}
 m - 2 scrolls of enchant weapon {unknown}
 n - a scroll of magic mapping {unknown}
 o - a scroll of fear {unknown}
 p - a scroll of enchant armour {unknown}
 q - a scroll of immolation {unknown}
 r - a scroll of vulnerability {unknown}
Potions
 b - a potion of magic
 f - a potion of might {unknown}
 h - a potion of berserk rage {unknown}
 s - a potion of curing {unknown}


   Skills:
 + Level 3.5 Fighting
 + Level 5.3 Dodging
 - Level 2.1 Stealth
 + Level 3.6 Spellcasting
 + Level 5.8 Ice Magic


You had 6 spell levels left.
You knew the following spells:

 Your Spells              Type           Power      Damage    Failure   Level
a - Freeze                Ice            84%        1d9       1%          1
b - Frozen Ramparts       Ice            42%        1d7       4%          3
c - Ozocubu's Armour      Ice            21%        N/A       4%          3

Your spell library contained the following spells:

 Spells                   Type           Power      Damage    Failure   Level
 Foxfire                  Conj/Fire      8%         2x1d4     17%         1
 Sandblast                Erth           4%         2d4       17%         1
 Shock                    Conj/Air       8%         1d3       17%         1
 Passwall                 Tmut/Erth      1%         N/A       26%         2
 Dazzling Flash           Conj/Hex       4%         N/A       45%         3
 Stone Arrow              Conj/Erth      4%         3d7       45%         3
 Summon Guardian Golem    Hex/Summ       2%         N/A       45%         3
 Swiftness                Air            2%         N/A       45%         3
 Volatile Blastmotes      Fire/Tloc      4%         2d10      45%         3
 Summon Ice Beast         Ice/Summ       12%        N/A       45%         4
 Airstrike                Air            1%         2d(1-17)  86%         4
 Iskenderun's Mystic Bla  Conj/Tloc      2%         2d3       86%         4
 Fireball                 Conj/Fire      1%         3d3       99%         5
 Plasma Beam              Fire/Air       1%         2x1d11    100%        6
 Starburst                Conj/Fire      1%         6d3       100%        6
 Orb of Destruction       Conj           1%         9d5       100%        7
 Spellforged Servitor     Conj/Summ      1%         N/A       100%        7


Dungeon Overview and Level Annotations

Branches:
Dungeon (4/15)             Temple (0/1) D:4

Altars:

Shops:
D:1 ?


Innate Abilities, Weirdness & Mutations

((You are very nimble when in or above water. (Stealth+, EV+, Speed+++)))
Your lower body shifts to a powerful aquatic tail in water.


Message History

The wall freezes the ice beast but does no damage.
The ice beast hits you but does no damage.
You barely miss the ice beast.
The ice beast completely resists.
The wall freezes the ice beast but does no damage.
The ice beast closely misses you.
You barely miss the ice beast.
The ice beast completely resists.
The wall freezes the ice beast but does no damage.
The ice beast hits you. The ice beast freezes you!
You barely miss the ice beast.
The wall freezes the ice beast but does no damage.
The ice beast hits you. The ice beast freezes you!
* * * LOW HITPOINT WARNING * * *
Casting: Ozocubu's Armour (dangerous; 4% risk of failure)
Confirm with . or Enter, or press ? or * to list all spells.
Aiming: Freeze (safe; 1% risk of failure)
Press: ? - help, Shift-Dir - straight line, f/p - ice beast
Aim: an ice beast You freeze the ice beast but do no damage.
The ice beast completely resists.
The frozen ramparts melt away.
The ice beast barely misses you.
Casting: Freeze (safe; 1% risk of failure)
Confirm with . or Enter, or press ? or * to list all spells.
Aiming: Freeze (safe; 1% risk of failure)
Press: ? - help, Shift-Dir - straight line, f/p - ice beast
Aim: an ice beast You freeze the ice beast but do no damage.
The ice beast completely resists.
The ice beast hits you but does no damage.
Your icy armour will break if you move.
Continue?
Okay, then.
Casting: Freeze (safe; 1% risk of failure)
Confirm with . or Enter, or press ? or * to list all spells.
Aiming: Freeze (safe; 1% risk of failure)
Press: ? - help, Shift-Dir - straight line, f/p - ice beast
Aim: an ice beast You freeze the ice beast but do no damage.
The ice beast completely resists.
The ice beast hits you.
* * * LOW HITPOINT WARNING * * *
The ice beast freezes you!
You die...

.......................
....).........)........
..##.......##รท###......
.......###.##.......#
.......# #..........#
.......###......###.#
.............[..###+#+##
...........##+#.#.......
######.....# #.@Y......
... #....$.).. ..
#.....>.## #.##.$.:# #..
.....# ... .....# #..
....# #. ....#


You could see an ice beast.

Vanquished Creatures
  An ogre (D:4)
  3 scorpions
  5 adders
  6 gnolls
  An ufetubus (D:4)
  A dart slug (D:4)
  6 bats
  4 endoplasms
  2 giant cockroaches (D:2)
  7 goblins
  4 hobgoblins (D:1)
  10 jackals
  2 quokkas (D:2)
  6 ball pythons
  4 frilled lizards
  4 kobolds
  13 rats
79 creatures vanquished.

Notes
Turn   | Place    | Note
-------+----------+-------------------------------------------
     0 | D:1      | Irreverend the Merfolk Ice Elementalist began the quest for
                  | the Orb.
     0 | D:1      | Reached XP level 1. HP: 13/13 MP: 3/3
   135 | D:1      | Reached XP level 2. HP: 17/20 MP: 0/5
   270 | D:1      | Reached skill level 1 in Fighting
   528 | D:1      | Found Mivon's Magic Scroll Emporium.
   592 | D:1      | Reached XP level 3. HP: 26/26 MP: 3/6
   690 | D:1      | Learned a level 3 spell: Frozen Ramparts
  1333 | D:2      | Noticed a scorpion
  1346 | D:2      | Killed a scorpion
  1347 | D:2      | Reached skill level 5 in Ice Magic
  1347 | D:2      | Reached XP level 4. HP: 33/33 MP: 1/8
  1616 | D:2      | You are sucked into a shaft and drop 1 floor!
  1705 | D:2      | Found a faded altar of an unknown god.
  1829 | D:2      | Reached XP level 5. HP: 38/38 MP: 5/9
  3084 | D:3      | Learned a level 3 spell: Ozocubu's Armour
  3444 | D:4      | Reached XP level 6. HP: 30/47 MP: 2/11
  3548 | D:4      | Reached skill level 5 in Dodging
  3862 | D:4      | Reached XP level 7. HP: 47/52 MP: 0/12
  4056 | D:4      | Found a staircase to the Ecumenical Temple.
  4067 | D:4      | Slain by an ice beast

Illustrated notes

Levels and vault maps discovered:
D:1:      minmay_arrival_up_and_down, layout_basic, serial_shops, shop
D:2:      layout_loops_ring, ebering_ecumenical_altar_webs
D:3:      layout_loops_ring
D:4:      layout_basic, minmay_temple_entry_offerings, grunt_decor_cap,
          uniq_grinder

Skill      XL: |  1  2  3  4  5  6 |
---------------+-------------------+-----
Dodging        | 3 4 5 |  5.3
Fighting       | 1 2 3 |  3.5
Ice Magic      | 5 |  5.8
Spellcasting   | 3 |  3.6
Stealth        | |  2.1

Action                     |  1- 3 |  4- 6 |  7- 9 || total
---------------------------+-------+-------+-------++-------
  Melee: Short sword       |    30 |       |       ||    30
         Punch             |     1 |       |       ||     1
         Dagger            |     2 |    21 |     4 ||    27
   Cast: Freeze            |    31 |    33 |     4 ||    68
         Frozen Ramparts   |     9 |    27 |     1 ||    37
         Ozocubu's Armour  |       |     3 |     1 ||     4
 Armour: Robe              |    11 |    10 |     2 ||    23
  Dodge: Dodged            |    39 |    31 |     2 ||    72
  Block: Other             |     1 |    10 |     1 ||    12

Table legend: (Time is in decaauts)
 A = Elapsed time spent in this place.
 B = Non-inter-level travel time spent in this place.
 C = Inter-level travel time spent in this place.
 D = Time resting spent in this place.
 E = Time spent auto-exploring this place.
 F = Levels seen in this place.
 G = Mean time per level.
                   A        B        C        D        E       F      G
               +--------+--------+--------+--------+--------+-----+--------+
         Total |   4065 |   3970 |     95 |   1588 |   1681 |   4 | 1016.2 |
       Dungeon |   4065 |   3970 |     95 |   1588 |   1681 |   4 | 1016.2 |
               +--------+--------+--------+--------+--------+-----+--------+

Top non-repeatable levels by time:
     D:2: 1364 daAuts
     D:3: 1053 daAuts
     D:4: 847 daAuts
     D:1: 799 daAuts
